 Dungeon Crawl Stone Soup version 0.28-b1-25-g9875b3fc8c (webtiles) character file.

Game seed: 9603609833584273318

193 lordive the Conjurer (level 5, -7/28 HPs)
             Began as a Tengu Conjurer on Feb 1, 2022.
             Mangled by a black bear (12 damage)
             ... on level 4 of the Dungeon.
             The game lasted 00:05:33 (3525 turns).

lordive the Conjurer (Tengu Conjurer)               Turns: 3525, Time: 00:05:35

Health: -7/28      AC:  2    Str:  7    XL:     5   Next: 72%
Magic:  1/10       EV: 15    Int: 20    God:
Gold:   118        SH:  0    Dex: 17    Spells: 7/10 levels left

rFire   . . .      SeeInvis .   j - +6 hand crossbow "Weiwaumn" {penet, Dex+4 Stlth+}
rCold   . . .      Faith    .   (no shield)
rNeg    . . .      Spirit   .   a - +0 robe
rPois   .          Reflect  .   (helmet restricted)
rElec   .          Harm     .   (no cloak)
rCorr   .          Rampage  .   (no gloves)
Will    .....                   (boots unavailable)
Stlth   +++.......              (no amulet)
HPRegen 0.09/turn               (no ring)
MPRegen 0.12/turn               (no ring)

@: flying quickly and evasively, quick
A: beak, talons 3, nimble flight
a: no special abilities


You were on level 4 of the Dungeon.
You visited 1 branch of the dungeon, and saw 4 of its levels.

You collected 118 gold pieces.

Inventory:

Hand Weapons
 j - the +6 hand crossbow "Weiwaumn" (weapon) {penet, Dex+4 Stlth+}
   (You found it on level 3 of the Dungeon)

   Any ammunition fired by it passes through the targets it hits, potentially
   hitting all targets in its path until it reaches maximum range.
   Dex:       It affects your dexterity (+4).
   Stlth:     It makes you more stealthy.
Missiles
 k - 45 bolts (quivered ammo)
Armour
 a - a +0 robe (worn)
Jewellery
 i - an amulet of guardian spirit
 m - a ring of poison resistance
Scrolls
 d - 2 scrolls of vulnerability {unknown}
 e - a scroll of identify {unknown}
 f - a scroll of enchant weapon {unknown}
Potions
 b - a potion of invisibility {unknown}
 c - a potion of attraction {unknown}
 g - a potion of magic {unknown}
 h - a potion of heal wounds {unknown}
 l - a potion of might {unknown}


   Skills:
 + Level 0.9 Fighting
 + Level 2.3 Dodging
 - Level 2.0 Stealth
 + Level 3.1 Spellcasting
 + Level 7.9 Conjurations


You had 7 spell levels left.
You knew the following spells:

 Your Spells              Type           Power      Damage    Failure   Level
a - Magic Dart            Conj           100%       1d8       1%          1
b - Searing Ray           Conj           70%        2d7       1%          2

Your spell library contained the following spells:

 Spells                   Type           Power      Damage    Failure   Level
 Dazzling Flash           Conj/Hex       38%        N/A       9%          3
 Fulminant Prism          Conj/Hex       9%         3d7       26%         4
 Iskenderun's Mystic Bla  Conj/Tloc      19%        2d6       26%         4
 Frozen Ramparts          Ice            6%         1d2       38%         3
 Ice Form                 Ice/Tmut       3%         N/A       80%         4
 Summon Ice Beast         Ice/Summ       3%         N/A       80%         4


Dungeon Overview and Level Annotations

Branches:
Dungeon (4/15)
 Temple: D:4-7

Altars:
Trog
Xom


Innate Abilities, Weirdness & Mutations

You have a beak for a mouth.
You have claws for feet.
Your magical nature lets you fly swiftly and evasively.


Message History

The magic dart hits the black bear.
The black bear is moderately wounded.
The black bear growls angrily.
You hear a shout!
A hobgoblin comes into view.
The magic dart hits the hobgoblin.
The hobgoblin is moderately wounded.
The magic dart hits the hobgoblin.
You kill the hobgoblin!
The magic dart hits the black bear.
The black bear is moderately wounded.
The magic dart hits the black bear.
The black bear is heavily wounded.
The magic dart hits the black bear.
The black bear is heavily wounded.
The magic dart hits the black bear.
The black bear is severely wounded.
The black bear goes berserk!
The magic dart hits the black bear.
The black bear is almost dead.
The black bear bites you! The black bear misses you. The black bear claws you.
The magic dart hits the black bear.
The black bear is almost dead.
The black bear barely misses you. The black bear closely misses you.
The black bear claws you. The black bear bites you.
* * * LOW HITPOINT WARNING * * *
The black bear misses you. The black bear claws you.
* * * LOW HITPOINT WARNING * * *
The black bear rages.
The black bear barely misses you. The black bear claws you.
* * * LOW HITPOINT WARNING * * *
The black bear barely misses you.
You hear a shout!
Unknown command.
Aiming: Magic Dart (safe; 1% risk of failure)
Press: ? - help, Q - select action, (/) - cycle Shift-Dir - straight line, f/p - black bear
Aim: a black bear (almost dead, berserk, 100% to hit)
The magic dart hits the black bear.
The black bear is almost dead.
The black bear bites you!
You die...

#.##.....##≈≈≈.§≈≈###
#.##.....#⌠≈.....≈⌠#
.###.##.....##≈.._..≈##
#....##.....#§§§....≈⌠#
#......†.####§≈≈≈≈≈≈##
..###.....####⌠#⌠###
#.####.# #####
.#.####.####.####.
........@h........
#..#.##.##.#.##### #
#.##.# # ......
##.#.##. #... .# .... #
##..


You could see a black bear (berserk).

Vanquished Creatures
  A gnoll shaman (D:4)
  7 gnolls
  2 adders (D:3)
  An adder skeleton (D:4)
  A worm (D:3)
  2 dart slugs (D:3)
  9 orcs
  3 bats
  6 endoplasms
  A giant cockroach (D:2)
  2 goblins
  7 hobgoblins
  2 quokkas
  6 ball pythons
  3 frilled lizards
  6 kobolds
  5 rats
64 creatures vanquished.

Vanquished Creatures (others)
  4 plants (D:1)
4 creatures vanquished.

Grand Total: 68 creatures vanquished

Notes
Turn   | Place    | Note
-------+----------+-------------------------------------------
     0 | D:1      | lordive the Tengu Conjurer began the quest for the Orb.
     0 | D:1      | Reached XP level 1. HP: 10/10 MP: 4/4
   331 | D:1      | Reached XP level 2. HP: 10/15 MP: 3/6
   713 | D:1      | Reached skill level 6 in Conjurations
  1166 | D:1      | Found a faded altar of an unknown god.
  1402 | D:2      | Learned a level 2 spell: Searing Ray
  1407 | D:2      | Reached XP level 3. HP: 19/19 MP: 3/7
  1440 | D:2      | Reached skill level 7 in Conjurations
  1440 | D:2      | Reached XP level 4. HP: 24/24 MP: 1/8
  1514 | D:2      | Found a shimmering altar of Xom.
  2111 | D:3      | Identified the +6 hand crossbow "Weiwaumn" {penet, Dex+4
                  | Stlth+}
  2886 | D:3      | Gained mutation: Your magical nature lets you fly swiftly
                  | and evasively. [Tengu growth]
  2886 | D:3      | Reached XP level 5. HP: 28/28 MP: 8/10
  3467 | D:4      | Found a bloodstained altar of Trog.
  3513 | D:4      | Noticed a black bear
  3525 | D:4      | Mangled by a black bear

Illustrated notes

Levels and vault maps discovered:
D:1:      minmay_arrival_four_houses, layout_basic,
          shapermc_ecumenical_altar_mp_ritualfount
D:2:      layout_loops_cross, basic_altar
D:3:      layout_rooms, serial_bayou_pond_e, minmay_misc_feat_tiny
D:4:      layout_loops_cross, lightli_temple_of_fire,
          gammafunk_ghost_gnarly_gnolls

Skill      XL: |  1  2  3  4  5 |
---------------+----------------+-----
Conjurations   | 6 7 |  7.9
Spellcasting   | 3 |  3.1
Fighting       | |  0.9
Dodging        | |  2.3
Stealth        | |  2.0

Action                   |  1- 3 |  4- 6 || total
-------------------------+-------+-------++-------
 Fire: Hand crossbow     |       |     1 ||     1
 Cast: Magic Dart        |    46 |    73 ||   119
       Searing Ray       |     2 |     6 ||     8
Armor: Robe              |       |     1 ||     1
Dodge: Dodged            |     3 |    17 ||    20
